Cogmind - Beta 15 @@@ ROGUE MODE // 2025.07.20 @ 09:44:16 Player: beans Result: Destroyed by 23-EBE(R) with Subdweller Beam Cannon Performance ------------- Evolutions (0) 0 Regions Visited (3) 600 Robots Destroyed (40) 200 Value Destroyed (890) 890 Prototype IDs (13) 260 Alien Tech Used (0) 0 Bonus (0) 0 TOTAL SCORE: 1950 Bonus ------- None Cogmind --------- Core Integrity 0/250 Matter 401/500 Energy 84/100 System Corruption 0% Temperature Cool (9) Movement Hovering (147) Ox1 Location -10/Subcaves Parts ------- > --- POWER (1) -------- (None) > --- PROPULSION (2) --- Combat Airjet Combat Airjet > --- UTILITY (2) ------ Large Storage Unit High-capacity Matter Pod > --- WEAPON (2) ------- Autogun Subdweller Machine Gun > --- INVENTORY (15) --- Light Nuclear Core Medium Matter Pod (0) Medium Matter Pod (0) Medium Matter Pod (0) Visual Processing Unit Improved Targeting Computer Improved Targeting Computer Improved Targeting Computer Weapon Shielding Assault Rifle Assault Rifle Peak State ------------ > --- POWER ------------ (None) > --- PROPULSION ------- Combat Airjet Combat Airjet > --- UTILITY ---------- Large Storage Unit High-capacity Matter Pod > --- WEAPON ----------- Autogun Autogun > --- INVENTORY -------- Light Nuclear Core Medium Matter Pod Medium Matter Pod Medium Matter Pod Visual Processing Unit Improved Targeting Computer Improved Targeting Computer Improved Targeting Computer Weapon Shielding Assault Rifle Assault Rifle Subdweller Machine Gun Grenade Launcher [Rating: 18] Favorites ----------- Power Ion Engine Engine Ion Engine Propulsion Light Treads Treads Light Treads Hover Unit Combat Airjet Utility Large Storage Unit Storage Large Storage Unit Weapon Autogun Ballistic Gun Autogun Launcher Grenade Launcher Build | -11 -10 -10 -10 ------- Run | Yrd Mat Min Sub Slots Evolved . | . . . . Power . | . . . . Propulsion . | . . . . Utility . | . . . . Weapon . | . . . . Parts Attached 17 | 5 7 1 4 Power 2 | 1 . 1 . Engine 2 | 1 . 1 . Core . | . . . . Reactor . | . . . . Propulsion 5 | 2 1 . 2 Treads 3 | 2 1 . . Leg . | . . . . Wheel . | . . . . Hover 2 | . . . 2 Flight . | . . . . Utility 2 | . 2 . . Device . | . . . . Storage 2 | . 2 . . Processor . | . . . . Hackware . | . . . . Protection . | . . . . Artifact . | . . . . Weapon 8 | 2 4 . 2 Energy Gun . | . . . . Energy Cannon . | . . . . Ballistic Gun 5 | 2 1 . 2 Ballistic Cannon . | . . . . Launcher 3 | . 3 . . Special Weapon . | . . . . Impact Weapon . | . . . . Slashing Weapon . | . . . . Piercing Weapon . | . . . . Special Melee Weapon . | . . . . Unidentified Prototypes . | . . . . Parts Lost 5 | . . 1 4 Power 1 | . . . 1 Propulsion 1 | . . 1 . Utility . | . . . . Weapon 3 | . . . 3 Highest Loss Streak 2 | . . 1 2 To Critical Strikes . | . . . . Average Backups 11 | . 9 14 13 Power . | . . 1 1 Propulsion . | . . 1 . Utility 6 | . 4 8 8 Weapon 3 | . 3 4 3 Tool/Special . | . . . . Unused Backups 9 | . . . 9 Power 1 | . . . 1 Propulsion . | . . . . Utility 8 | . . . 8 Weapon . | . . . . Tool/Special . | . . . . Average Slot Usage (%) 84 | . 83 91 82 Engine 10 | . 13 14 3 Treads 19 | . 26 19 5 Hover 4 | . . . 16 Storage 20 | . 14 28 28 Ballistic Gun 18 | . 16 14 23 Launcher 9 | . 10 14 4 Peak Build Rating 18 | 5 10 13 18 Average Rating 10 | 3 7 11 14 On Entrance 6 | . 5 10 12 Naked Turns . | . . . . Heaviest Build 35 | 9 35 35 35 Greatest Support 40 | 40 40 40 24 Greatest Overweight (x) 9 | . 9 1 1 Average Overweight (x) . | . . . 1 Largest Inventory Capacity 15 | 5 15 15 15 Average Capacity 14 | 5 13 15 15 Most Carried 15 | 3 15 15 15 Average Carried 11 | . 9 14 13 Final Capacity 15 | 5 15 15 15 Final Carried 15 | . 13 15 11 Class Distribution -------------------- 100% | Mutant Dominant Class ---------------- Mutant | -10/Materials Mutant | -10/Mines Mutant | -10/Subcaves Resources | -11 -10 -10 -10 ----------- Run | Yrd Mat Min Sub Matter Collected 1383 | 241 440 355 347 Remotely . | . . . . Salvage Created 823 | . 551 20 252 Parts 69 | . 52 6 11 Haulers Intercepted 2 | . 2 . . Recyclers Shooed 2 | . 2 . . Parts Field Recycled . | . . . . Retrieved Matter . | . . . . Parts Self-Destructed 10 | . . . 10 Prevented . | . . . . Kills | -11 -10 -10 -10 ------- Run | Yrd Mat Min Sub Combat Hostiles Destroyed 30 | . 14 9 7 Guns 11 | . 7 . 4 AOE 19 | . 7 9 3 Classes Destroyed 11 | . 8 2 1 Worker 3 | . 3 . . Builder 4 | . 4 . . Tunneler 2 | . . 2 . Hauler 2 | . 2 . . Recycler 1 | . 1 . . Operator 1 | . 1 . . Watcher 3 | . 3 . . Swarmer 9 | . 6 3 . Grunt 10 | . 8 . 2 Subdweller 5 | . . . 5 Assembled 6 | . . 6 . Best Kill Streak 6 | . 4 6 2 Combat Bots Only 6 | . 3 6 2 Max Kills in Single Turn 3 | . 2 3 1 Gunslinging . | . . . . Exploded 3 | . 2 3 1 Melee . | . . . . Uniques/NPCs Destroyed . | . . . . Combat | -11 -10 -10 -10 -------- Run | Yrd Mat Min Sub Hostile Shots Fired 85 | . 40 15 30 Missed 23 | . 12 5 6 Hits 62 | . 28 10 24 Melee 2 | . . 2 . Projectile 60 | . 28 8 24 Critical Strikes 1 | . 1 . . Damage Taken 1100 | . 359 190 551 Core 253 | . 49 33 171 Absorbed by Shields . | . . . . Core Remaining (%) 100 | 100 . . . Volleys Fired 115 | . 64 16 35 Largest 2 | . 2 2 2 Hottest 60 | . 53 53 60 Shots Fired 176 | . 97 20 59 Gun 117 | . 63 10 44 Cannon . | . . . . Launcher 59 | . 34 10 15 Special . | . . . . Kinetic 117 | . 63 10 44 Thermal . | . . . . Explosive 59 | . 34 10 15 Electromagnetic . | . . . . Robot Hit Streak 10 | . 8 1 10 Robot Miss Streak 4 | . 4 1 2 Penetration Max . | . . . . Secondary Targets 3 | . 1 . 2 Max Gunslinging Chain 1 | . 1 . 1 Shots Hit Robots 58 | . 29 4 25 Core Hits 75 | . 44 16 15 Critical Kills . | . . . . Critical Parts Destroyed . | . . . . Critical Strikes . | . . . . Melee Attacks . | . . . . Impact . | . . . . Slashing . | . . . . Piercing . | . . . . Sneak Attacks . | . . . . Combat Hostiles . | . . . . Follow-up Attacks . | . . . . Damage Inflicted 2906 | . 1592 573 741 Guns 713 | . 385 28 300 Cannons . | . . . . Explosions 2193 | . 1207 545 441 Melee . | . . . . Ramming . | . . . . Kinetic 713 | . 385 28 300 Thermal . | . . . . Explosive 2193 | . 1207 545 441 Electromagnetic . | . . . . Impact . | . . . . Slashing . | . . . . Piercing . | . . . . Highest Corruption . | . . . . Average Corruption . | . . . . Corruption Purged . | . . . . Corruption Blocked . | . . . . Overload Shots . | . . . . Overflow Damage 54 | . 39 15 . Projectiles . | . . . . Explosions 54 | . 39 15 . Melee . | . . . . Knockbacks . | . . . . Impact . | . . . . Kinetic . | . . . . Secondary . | . . . . Self-Inflicted Damage 195 | . 74 84 37 Shots 12 | . 4 5 3 Rammed . | . . . . Targets Rammed . | . . . . Kicked . | . . . . Crushed . | . . . . Highest Temperature 28 | . 28 14 . Average Temperature 9 | . 9 7 . Received Heat Transfer 234 | . 102 . 132 Siege Activations . | . . . . Martial Activations . | . . . . Shielding Activations . | . . . . Robots Disrupted . | . . . . Combat Hostiles . | . . . . Robots Corrupted . | . . . . Combat Hostiles . | . . . . Parts Fried . | . . . . Impact Corruptions . | . . . . Robots Melted . | . . . . Combat Hostiles . | . . . . Parts Melted . | . . . . Heat Transferred . | . . . . Parts Sabotaged . | . . . . Parts Stolen . | . . . . Parts Stripped . | . . . . Power Chain Reactions . | . . . . Alert | -11 -10 -10 -10 ------- Run | Yrd Mat Min Sub Maximum Alert Level 1 | . 1 . . Low Security (%) 81 | 100 74 100 . Level 1 18 | . 25 . . Level 2 . | . . . . Level 3 . | . . . . Level 4 . | . . . . Level 5 . | . . . . High Security . | . . . . Max Security . | . . . . Peak Influence 273 | . 273 127 . Initial 100 | . . 100 . Average 117 | . 139 58 . Influence Increases 1036 | . 794 192 50 Destroy 0b10 Robot/C 380 | . 280 60 40 Destroy 0b10 Robot/NC 80 | . 70 10 . Destroy Leader 100 | . 80 10 10 Successful Hack 5 | . 5 . . Disable Machine 165 | . 120 45 . Destroy Structure 306 | . 239 67 . Influence Decreases 1036 | . 535 451 50 Entered New Map 159 | . . 159 . Time Decay 867 | . 535 282 50 Lost Part 10 | . . 10 . Squads Dispatched 3 | . 3 . . Investigation 1 | . 1 . . Extermination . | . . . . Reinforcement 2 | . 2 . . Assault . | . . . . Garrison . | . . . . Intercept . | . . . . Searches Triggered . | . . . . Construction Impeded . | . . . . Haulers Reinforced . | . . . . Active Scanning Responses . | . . . . Cargo Convoy Interrupts . | . . . . Stealth | -11 -10 -10 -10 --------- Run | Yrd Mat Min Sub Distress Signals 2 | . 2 . . Communications Jammed . | . . . . Distress Signals . | . . . . Times Spotted 35 | . 20 7 8 Peak Tracking Total 5 | . 3 5 2 Tactical Retreats . | . . . . Traps | -11 -10 -10 -10 ------- Run | Yrd Mat Min Sub Traps Triggered 7 | . 6 . 1 Indirectly . | . . . . Trap Hack Attempts . | . . . . Triggered . | . . . . Disarmed . | . . . . Reprogrammed . | . . . . Reused . | . . . . Traps Extracted . | . . . . Installed . | . . . . Triggered . | . . . . Machines | -11 -10 -10 -10 ---------- Run | Yrd Mat Min Sub Machines Disabled 11 | . 8 3 . Max in Single Turn 3 | . 3 1 . Machines Repaired . | . . . . Machines Dismantled . | . . . . Machines Sabotaged . | . . . . Overloaded Fab Kills . | . . . . Hacking | -11 -10 -10 -10 --------- Run | Yrd Mat Min Sub Machines Accessed 4 | . 3 . 1 Terminals 2 | . 2 . . Fabricators . | . . . . Repair Stations . | . . . . Recycling Units 1 | . 1 . . Scanalyzers . | . . . . Garrison Access . | . . . . Total Hacks 18 | . 9 . 9 Successful 16 | . 7 . 9 Failed 2 | . 2 . . Catastrophic . | . . . . Database Lockouts . | . . . . Manual . | . . . . Terminals 5 | . 5 . . Fabricators . | . . . . Repair Stations . | . . . . Recycling Units 4 | . 4 . . Scanalyzers . | . . . . Garrison Access . | . . . . Terminal Hacks 12 | . 3 . 9 Record 10 | . 2 . 8 Prototype ID Bank 1 | . 1 . . Proto ID Catalog 1 | . . . 1 Fabricator Hacks . | . . . . Repair Station Hacks . | . . . . Recycling Unit Hacks 4 | . 4 . . Report Inventory 1 | . 1 . . Retrieve Matter 3 | . 3 . . Scanalyzer . | . . . . Garrison Access Hacks . | . . . . Unauthorized Hacks . | . . . . Terminals . | . . . . Fabricators . | . . . . Repair Stations . | . . . . Recycling Units . | . . . . Scanalyzers . | . . . . Garrison Access . | . . . . Data Cores Recovered . | . . . . Used . | . . . . Hacking Detections 2 | . 2 . . Full Trace Events 1 | . 1 . . Feedback Events . | . . . . Feedback Blocked . | . . . . Robot Schematics Acquired . | . . . . Robots Built . | . . . . Authchips . | . . . . Time . | . . . . Total Robot Build Rating . | . . . . Part Schematics Acquired . | . . . . Parts Built . | . . . . Authchips . | . . . . Time . | . . . . Total Part Build Rating . | . . . . Parts Repaired . | . . . . Time . | . . . . Parts Recycled . | . . . . Recycled Matter . | . . . . Retrieved Matter 166 | . 166 . . Retrieved Components . | . . . . Parts Scanalyzed . | . . . . Part Schematics Acquired . | . . . . Parts Damaged . | . . . . Bothacking | -11 -10 -10 -10 ------------ Run | Yrd Mat Min Sub Used RIF Installer . | . . . . Robots Hacked . | . . . . Non-combat . | . . . . Combat . | . . . . Robot Hacks Applied . | . . . . Relay Couplers Released . | . . . . Fabnet Peak Effective % . | . . . . Robots Rewired . | . . . . Allies Hacked . | . . . . Hacks Repelled . | . . . . Allies | -11 -10 -10 -10 -------- Run | Yrd Mat Min Sub Total Allies . | . . . . Largest Group . | . . . . Highest-Rated Group . | . . . . Highest-Rated Ally . | . . . . Total Orders . | . . . . Ally Attacks . | . . . . Total Damage . | . . . . Kills . | . . . . Allies Corrupted . | . . . . Allies Melted . | . . . . Intel | -11 -10 -10 -10 ------- Run | Yrd Mat Min Sub Active Infowar (turns) . | . . . . Robot Analysis Total . | . . . . Derelict Logs Recovered 4 | . . 1 3 Drone Launches . | . . . . Drone Recoveries . | . . . . Exploration | -11 -10 -10 -10 ------------- Run | Yrd Mat Min Sub Turns Passed 4105 | 68 2191 678 1168 Spaces Moved 2059 | 43 1093 315 608 Core 35 | 21 14 . . Treads 1589 | 22 1079 315 173 Legs . | . . . . Wheels . | . . . . Hover 435 | . . . 435 Flight . | . . . . Fastest Speed 50 | 50 160 160 147 Average Speed 171 | 106 164 199 173 Slowest Speed 500 | 160 500 240 240 Overloaded Moves . | . . . . Propulsion Burnouts . | . . . . Robots Hopped . | . . . . Potential Cave-ins . | . . . . Cave-ins Triggered . | . . . . Exploration Rate (%) 47 | 4 93 55 36 Regions Visited 3 Branch Regions 2 Pre-discovered Areas 2 | . . . 2 Known Exits Taken 1 | . . 1 . Unknown Exits Taken 2 | 1 1 . . Scrap Searched 1 | . . 1 . Spaces Dug 31 | . 31 . . Terrain Destroyed 409 | . 254 85 70 Melee . | . . . . Projectile . | . . . . AOE 409 | . 254 85 70 Terrain Rammed . | . . . . Walls Destroyed . | . . . . Machines Disabled . | . . . . Actions | -11 -10 -10 -10 --------- Run | Yrd Mat Min Sub Total 2467 | 65 1386 347 669 Wait 238 | 13 198 13 14 Move 2056 | 42 1092 314 608 Hop . | . . . . Pick Up 27 | 5 19 2 1 Fast Attach 5 | . 5 . . Attach 16 | 5 6 . 5 Detach . | . . . . Swap 8 | . 2 1 5 Drop 2 | . . 1 1 Fire 115 | . 64 16 35 Melee . | . . . . Ram . | . . . . Kick . | . . . . Crush . | . . . . Escape Stasis . | . . . . Rewire . | . . . . Trap . | . . . . Miscellaneous . | . . . . Route ------- -11/Scrapyard -10/Materials (discovered 4 exits: [*Mat x3] / [*Min]) -10/Mines (discovered 2 exits: [*Mat] / *Sub) -10/Subcaves (discovered 1 exit: [*Mat]) History --------- Turn | Location | Event 10 | -11/Scrapyard | Discovered new exit (range 15) 69 | -11/Scrapyard | Entered Materials 317 | -10/Materials | Build established: Mutant 486 | -10/Materials | Discovered new exit (range 14) 570 | -10/Materials | Discovered new exit (range 3) 1035 | -10/Materials | Discovered new exit (range 13) 1410 | -10/Materials | Discovered new exit (range 16) 2260 | -10/Materials | Entered Mines 2290 | -10/Mines | Met a Derelict bent on vengeance 2340 | -10/Mines | Assembled infested the area 2345 | -10/Mines | Assisted by a Guerilla fighting off Assembled 2408 | -10/Mines | Discovered new exit (range 12) 2729 | -10/Mines | Identified exit to Subcaves 2938 | -10/Mines | Entered Subcaves 2978 | -10/Subcaves | Learned Materials security intel 3173 | -10/Subcaves | Ambushed by Subdwellers from Twisted Machinery 3184 | -10/Subcaves | Core integrity fell below 50% 3315 | -10/Subcaves | Shifting Twisted Machinery released Sub. Optics 3329 | -10/Subcaves | Shifting Twisted Machinery released Sub. Machine Gun 3437 | -10/Subcaves | Ambushed by Subdweller buried in earth 3521 | -10/Subcaves | Discovered new exit (range 7) 3540 | -10/Subcaves | Learned location of Zion (-6) 3741 | -10/Subcaves | Visited 4L-MR0's lab 4067 | -10/Subcaves | Learned location of Storage (-9) 4101 | -10/Subcaves | Core integrity fell below 20% 4106 | -10/Subcaves | Destroyed by 23-EBE(R) with Subdweller Beam Cannon Last Messages --------------- way I'm not culpable for whatever they would've done with it. If we're lucky even some of the others got blasted, too. 4L-MR0 mumbles to no one in particular: "Damn Subs sneaking around stealing my stuff." Acquired 13 matter. Acquired 15 matter. Acquired 6 matter. Acquired 14 matter. Acquired 7 matter. Acquired 42 matter. Acquired 13 matter. Acquired derelict log, extracted data. World map updated: -9/Storage. Autogun destroyed. BX-0YI(R) destroyed. Subatomizers dissect the Sub. Optics. H0-OKD(R) destroyed. Subatomizers dissect the Sub. Optics. Grenade Launcher destroyed. Map ----- +----------------------------------------------------+ | ?????????????????????????????????????????????????? | | ?????????????????????????????????????????????????# | | ????????????????????????????????????????????????? | | ???????????????????????????????????????????????? | | ???????????????????????????????????????????????? | | ???????????????????????????????????????????????? | | ???????????????????????????????????????????????? | | ???????????????????????????????????????????????? | | ???????????????????????????????????????????????? | | ???????????????????????????????????????????????? | | ?????????????????????????????????????????????????? | | ?????????????????????????????????????????????????? | | ?????????????????????????????????????????????????? | | ?????????????????????????????????????????????????? | | ?????????????????????????????????????????????????? | | ????????????????????????????????????????????????## | | ???????????????????????######???????####???????## | | ??????????????????????## ######### ##??????# | | ???????????? ??######## "" #??????## | | ???????????? # ""# ## " ##?????## | | ???????????? "" ###" ## ## ##???## | | ?????????????? R " ##### ## ##### | | ???????????????#" " ##??# ### | | ???????????????# ##? #?# | | ????????????????# ! ! ## ## | | ???????????????????# %&@ ## ### | | ???????????????????# ="" # ##?## | | ??????????????????# """ ## ###### #???# | | ??????????????????# """ #?###????# #???# | | ???????????????????? """ #????????##### ##??? | | ???????????????????? ##????????????# #???? | | ???????????????????# ##????????????? ???? | | ??????????????????? ####?????????????#### ???? | | ??????????????????# ????????????????????? ???# | | ??????????????????## ????????????????????? ???? | | ???????????????????# ?????????????????????? #??? | | ???????????????????## ?????????????????????? ##??? | | ?????????????????????#?????????????????????? #???? | | ????????????????????????????????????????????##???? | | ?????????????????????????????????????????????????? | | ?????????????????????????????????????????????????? | | ?????????????????????????????????????????????????? | | ?????????????????????????????????????????????????? | | ?????????????????????????????????????????????????? | | ?????????????????????????????????????????????????? | | ?????????????????????????????????????????????????? | | ?????????????????????????????????????????????????? | | ?????????????????????????????????????????????????? | | ?????????????????????????????????????????????????? | | ?????????????????????????????????????????????????? | +----------------------------------------------------+ Best States ------------- Heat Dissipation 25 Energy Generation 14 Energy Capacity 250 Matter Stores 477 Matter Capacity 500 Sight Range 16 Terrain Scan Density 10 Evasion (%) 50 Recoil Reduction 2 Item Schematics ----------------- None Robot Schematics ------------------ None Fabricated ------------ Nothing Repaired ---------- Nothing Alien Tech Used ----------------- None Achievements -------------- None Challenges ------------ None Game ------ Seed SkeletonNullArachnoskeleton Manual? 0 Play Time 00:19:53 Cumulative 62.4 hours Start 2025.07.20 @ 09:25:52 End 2025.07.20 @ 09:44:16 Sessions 1 Manual Loads 0 Difficulty Rogue Special Mode None Game No. 265 Rogue 265 Adventurer 0 Explorer 0 Win Type - Total 0 Types 0/0/0/0/0/0/0/0/0/0 Lore% 41 Gallery% 31 Achievement% 25 Wizard Run 0 Options --------- Layout 2 ASCII 0 Keyboard 0 Movement Mouse Keybinds 0 Fullscreen 1 Font 24/Terminus Map View 50x44 Zoom Use 0% Tactical HUD 0 Map Filters NONE Filters NONE Steam 1 RUN: a788021d-cdb7-40ec-b47f-eedd3156b733